 Dungeon Crawl Stone Soup version 0.28-a0-1117-g0bdd5ba030 (webtiles) character file.

Game seed: 15528576222062540249

96 SensoryNuts the Slasher (level 4, -1/30 HPs)
             Began as a Demonspawn Gladiator on Dec 11, 2021.
             Was a Plaything of Xom.
             Slain by an adder (2 damage)
             ... on level 3 of the Dungeon.
             The game lasted 00:02:20 (2151 turns).

SensoryNuts the Slasher (Demonspawn Gladiator)      Turns: 2151, Time: 00:02:21

Health: -1/30      AC:  9    Str: 17    XL:     4   Next: 41%
Magic:  4/4        EV: 12    Int: 11    God:    Xom [.*....]
Gold:   43         SH:  0    Dex: 14    Spells: 3/3 levels left

rFire   + . .      SeeInvis .   a - +0 long sword
rCold   + . .      Faith    .   (no shield)
rNeg    . . .      Spirit   .   b - +0 leather armour
rPois   +          Reflect  .   (helmet restricted)
rElec   +          Harm     .   (no cloak)
rCorr   +          Rampage  .   (no gloves)
Will    .....                   (no boots)
Stlth   +.........              (no amulet)
HPRegen 0.10/turn               (no ring)
MPRegen 0.18/turn               (no ring)

@: brilliant, resistant, sanguine armoured, attractive
A: magic regeneration, sanguine armour 1, antennae 1, clever 1, frail 1
a: Renounce Religion


You were on level 3 of the Dungeon.
You worshipped Xom.
You were a plaything of Xom.
You visited 1 branch of the dungeon, and saw 3 of its levels.

You collected 43 gold pieces.

Inventory:

Hand Weapons
 a - a +0 long sword (weapon)
Missiles
 d - 3 throwing nets (quivered)
Armour
 b - a +0 leather armour (worn)
 c - a +0 helmet
Scrolls
 f - a scroll of vulnerability
 g - 3 scrolls of identify
 h - a scroll of immolation
 j - a scroll of magic mapping
Potions
 e - 2 potions of attraction
 l - a potion of resistance


   Skills:
 + Level 2.6 Fighting
 + Level 3.4 Long Blades
 + Level 2.0 Throwing
 + Level 1.3 Armour
 + Level 3.2 Dodging
 + Level 0.6 Stealth


You had 3 spell levels left.
You didn't know any spells.
Your spell library was empty.

Dungeon Overview and Level Annotations

Branches:
Dungeon (3/15)

Altars:
Xom

Shops:
D:3 (


Innate Abilities, Weirdness & Mutations

You regenerate magic rapidly.
When seriously injured, your blood forms armour. (AC +6)
You have a pair of small antennae on your head.
Your mind is acute. (Int +2)
You are frail. (-10% HP)


Message History

* * * LOW HITPOINT WARNING * * *
You feel sick. The adder bites you but does no damage.
The adder closely misses you. The adder barely misses you.
You closely miss the adder.
The adder is almost dead.
* * * LOW HITPOINT WARNING * * *
You feel sick. The adder bites you but does no damage.
The adder barely misses you. The adder closely misses you.
You slash the adder!
You kill the adder!
* * * LOW HITPOINT WARNING * * *
You feel sick. The adder bites you but does no damage.
The adder barely misses you.
It was a potion of mutation.
You feel extremely strange. A pair of antennae grows on your head!
Your +0 helmet falls away!
You feel frail.
You feel clever.
* * * LOW HITPOINT WARNING * * *
You feel sick.
You are no longer poisoned.
The adder bites you but does no damage.
It was a potion of brilliance.
You feel clever all of a sudden. The adder barely misses you.
It was a potion of resistance.
You feel protected. The adder closely misses you.
As you read the scroll labelled TEAJAF HOEWU, it crumbles to dust.
It is a scroll of identify.
h - a scroll of immolation The adder bites you but does no damage.
The adder closely misses you.
Okay, then.
You hit the adder.
The adder is heavily wounded.
The adder barely misses you.
You hit the adder.
The adder is heavily wounded.
The adder closely misses you. The adder bites you.
You die... "Boring in life, boring in death..."

#.. .> .. #.. ##.# #.
#.. #...##. #.. #.....
#.. . #.... #.. ∩..#...
#.. ..#...g### #..
#....KS@# #..
#......#.### #..
##.....#...# ###
.......#.### ####.#.#
########.# #....>..
#######.# #.......##
#.......#...##.........
#.......#...##.....##.##
#.......#...##..........


You could see an adder, a hobgoblin and a kobold.

Vanquished Creatures
  5 adders
  A worm (D:2)
  2 orcs (D:3)
  5 bats
  6 endoplasms
  2 giant cockroaches
  7 goblins
  6 hobgoblins
  A quokka (D:1)
  4 frilled lizards
  3 kobolds
  3 rats
45 creatures vanquished.

Vanquished Creatures (others)
  A plant (D:2)
1 creature vanquished.

Grand Total: 46 creatures vanquished

Notes
Turn   | Place    | Note
-------+----------+-------------------------------------------
     0 | D:1      | SensoryNuts the Demonspawn Gladiator began the quest for
                  | the Orb.
     0 | D:1      | Reached XP level 1. HP: 16/16 MP: 1/1
   102 | D:1      | Gained mutation: You regenerate magic rapidly. [demonic
                  | ancestry]
   102 | D:1      | Reached XP level 2. HP: 16/22 MP: 2/2
   758 | D:2      | Gained mutation: When seriously injured, your blood forms
                  | armour. (AC +6) [demonic ancestry]
   758 | D:2      | Reached XP level 3. HP: 27/28 MP: 3/3
   814 | D:2      | Found a shimmering altar of Xom.
  1460 | D:2      | Found a faded altar of an unknown god.
  1471 | D:2      | Prayed at the altar of an unknown god.
  1471 | D:2      | Became a worshipper of Xom of Chaos
  1722 | D:3      | Reached skill level 1 in Armour
  1739 | D:3      | Reached XP level 4. HP: 21/34 MP: 4/4
  1739 | D:3      | XOM: potion effect (berserk rage)
  2131 | D:3      | Found Sapoicin's Weapon Shop.
  2146 | D:3      | Gained mutation: You have a pair of small antennae on your
                  | head. [potion of mutation]
  2146 | D:3      | Gained mutation: You are frail. (-10% HP) [potion of
                  | mutation]
  2146 | D:3      | Gained mutation: Your mind is acute. (Int +2) [potion of
                  | mutation]
  2146 | D:3      | HP: 1/30 [poisoned by an adder]
  2151 | D:3      | Slain by an adder

Illustrated notes

Levels and vault maps discovered:
D:1:      dpeg_arrival_houses_and_road, layout_rooms, solitary_fountain
D:2:      layout_rooms, shapermc_ecumenical_altar_mp_urbaneastern, basic_altar
D:3:      minmay_general_purpose_star, layout_basic, serial_shops,
          nicolae_diamond_shop, st_stairs_14, uniq_jessica,
          uniq_crazy_yiuf_cottage

Skill      XL: |  1  2  3 |
---------------+----------+-----
Throwing       | 2 |  2.0
Dodging        | 3 |  3.2
Long Blades    | 3 |  3.4
Armour         | 1 |  1.3
Fighting       | |  2.6
Stealth        | |  0.6

Action                   |  1- 3 |  4- 6 || total
-------------------------+-------+-------++-------
Melee: Long sword        |   112 |    37 ||   149
  Use: Scroll            |     2 |     1 ||     3
       Potion            |       |     4 ||     4
 Stab: Sleeping          |     2 |       ||     2
Armor: Leather armour    |    47 |    27 ||    74
Dodge: Dodged            |   101 |    37 ||   138

Table legend: (Time is in decaauts)
 A = Elapsed time spent in this place.
 B = Non-inter-level travel time spent in this place.
 C = Inter-level travel time spent in this place.
 D = Time resting spent in this place.
 E = Time spent auto-exploring this place.
 F = Levels seen in this place.
 G = Mean time per level.
                   A        B        C        D        E       F      G
               +--------+--------+--------+--------+--------+-----+--------+
         Total |   2198 |   2198 |      0 |      0 |   1721 |   3 |  732.7 |
       Dungeon |   2198 |   2198 |      0 |      0 |   1721 |   3 |  732.7 |
               +--------+--------+--------+--------+--------+-----+--------+

Top non-repeatable levels by time:
     D:2: 883 daAuts
     D:1: 708 daAuts
     D:3: 606 daAuts
